 Dungeon Crawl Stone Soup version 0.21.1-1-g345015f (webtiles) character file.

287 tidbits the Charmwright (level 6, -18/50 HPs)
             Began as a Gnoll Skald on June 22, 2018.
             Demolished by an orc warrior
             ... wielding a cursed +0 mace
              (21 damage)
             ... on level 6 of the Dungeon.
             The game lasted 00:07:12 (691 turns).

tidbits the Charmwright (Gnoll Skald)                Turns: 691, Time: 00:07:13

Health: -18/50     AC:  4    Str: 14    XL:     6   Next: 30%
Magic:  3/14       EV: 14    Int: 21    God:
Gold:   22         SH:  0    Dex: 14    Spells: 4/15 levels left

rFire    . . .     SeeInvis .   a - +0 hand axe
rCold    . . .     Gourm    .   (no shield)
rNeg     + . .     Faith    .   b - +0 leather armour
rPois    .         Spirit   .   E - +0 helmet
rElec    .         Reflect  .   (no cloak)
rCorr    .         Harm     .   (no gloves)
MR       .....                  (no boots)
Stlth    ++........             (no amulet)
HPRegen  1.16/turn              e - ring of positive energy
MPRegen  0.14/turn              l - +4 ring of intelligence

@: singing, regenerating
A: distributed training, claws 1, fangs 1, hooves 1, strong nose
a: no special abilities


You were on level 6 of the Dungeon.
You were hungry.

You visited 1 branch of the dungeon, and saw 6 of its levels.

You collected 72 gold pieces.
You spent 50 gold pieces at shops.

Inventory:

Hand Weapons
 a - a +0 hand axe (weapon)
 u - a +0 short sword
 v - a +0 dagger
 w - a +0 trident
Missiles
 f - a stone (quivered)
 o - 8 tomahawks of dispersal {!f}
Armour
 b - a +0 leather armour (worn)
 p - a +0 shield
 E - a +0 helmet (worn)
Jewellery
 e - a ring of positive energy (left claw)
   (You found it on level 1 of the Dungeon)
 l - a +4 ring of intelligence (right claw)
   (You found it on level 1 of the Dungeon)
Scrolls
 g - a scroll of fog {unknown}
 i - a scroll of enchant weapon {unknown}
 j - a scroll of blinking {unknown}
 k - a scroll of identify {unknown}
 r - a scroll of immolation {unknown}
Potions
 h - a potion of curing
 m - a potion of berserk rage {unknown}
 n - a potion of mutation {!q}
 q - a potion of agility {unknown}
 s - a potion of lignification {unknown}
 t - a potion of cancellation {unknown}
 x - a potion of invisibility {unknown}
Books
 c - a book of Battle

   Spells                             Type                      Level
   a - Infusion                       Charms                       1
   b - Shroud of Golubria             Charms/Translocation         2
   c - Song of Slaying                Charms                       2
   d - Spectral Weapon                Hexes/Charms                 3
   e - Regeneration                   Charms/Necromancy            3
Comestibles
 d - 2 rations


   Skills:
 + Level 4.9 Fighting
 + Level 1.8 Short Blades
 + Level 1.8 Long Blades
 + Level 4.9 Axes
 + Level 1.8 Maces & Flails
 + Level 1.8 Polearms
 + Level 1.8 Staves
 + Level 1.8 Slings
 + Level 1.8 Bows
 + Level 1.8 Crossbows
 + Level 1.8 Throwing
 + Level 3.2 Armour
 + Level 4.9 Dodging
 + Level 1.8 Stealth
 + Level 1.8 Shields
 + Level 1.8 Unarmed Combat
 + Level 5.3 Spellcasting
 + Level 1.4 Conjurations
 + Level 1.4 Hexes
 + Level 5.6 Charms
 + Level 1.4 Summonings
 + Level 1.4 Necromancy
 + Level 1.4 Translocations
 + Level 1.4 Transmutations
 + Level 1.4 Fire Magic
 + Level 1.4 Ice Magic
 + Level 1.4 Air Magic
 + Level 1.4 Earth Magic
 + Level 1.4 Poison Magic
 + Level 2.0 Invocations
 + Level 1.8 Evocations


You had 4 spell levels left.
You knew the following spells:

 Your Spells              Type           Power        Failure   Level  Hunger
g - Shroud of Golubria    Chrm/Tloc      ###.......   4%          2    None
i - Infusion              Chrm           ####         1%          1    None
r - Regeneration          Chrm/Necr      ###.......   9%          3    ##.....
w - Spectral Weapon       Hex/Chrm       ###.....     9%          3    ##.....
y - Song of Slaying       Chrm           ####....     1%          2    None


Dungeon Overview and Level Annotations

Branches:
Dungeon (6/15)
 Temple: D:4-7

Altars:
Okawaru
Trog

Shops:
D:5 !


Innate Abilities, Weirdness & Mutations

Your experience applies equally to all skills.
You have very sharp teeth.
Your uncanny sense of smell can sniff out nearby items.
You have sharp fingernails.
You have large cloven feet.


Message History

Found a green potion.
You see here a green potion.
t - a green potion
Found a stone staircase leading down.
Found 3 gold pieces.
There is a stone staircase leading down here.
You climb downwards.
A hound, a black bear and an orc come into view.
The hound barks!
The black bear growls angrily.
You hear a shout!
Found 16 gold pieces.
There is a stone staircase leading up here.
Casting: Spectral Weapon
Confirm with . or Enter, or press ? or * to list all spells.
Your skin crawls.
The orc shouts!
Casting: Regeneration
Confirm with . or Enter, or press ? or * to list all spells.
You start singing a song of slaying.
A quokka comes into view.
Casting: Song of Slaying
Confirm with . or Enter, or press ? or * to list all spells.
You draw out your weapon's spirit!
The hound barely misses you. The black bear closely misses you.
The black bear claws you.
* * * LOW HITPOINT WARNING * * *
The black bear claws you.
* * * LOW HITPOINT WARNING * * *
The hound bites you but does no damage.
An adder skeleton comes into view.
You barely miss the hound. You hit the black bear.
You hear a shout!
Your spectral weapon hits the hound.
The hound bites you but does no damage.
The black bear bites you but does no damage.
The black bear claws you.
* * * LOW HITPOINT WARNING * * *
The black bear claws you but does no damage.
The adder skeleton moves out of view.
The hound bites you.
* * * LOW HITPOINT WARNING * * *
The black bear completely misses you. The black bear claws you.
* * * LOW HITPOINT WARNING * * *
The black bear claws you.
* * * LOW HITPOINT WARNING * * *
An orc warrior comes into view. It is wielding a mace.
You aren't carrying any items that you can evoke without wielding.
Unknown command.
You feel better.
You hear a shout!
The hound closely misses you. The black bear bites you.
* * * LOW HITPOINT WARNING * * *
The black bear claws you.
* * * LOW HITPOINT WARNING * * *
The black bear claws you but does no damage.
An orc comes into view. It is wielding a flail.
Unknown command.
You are feeling hungry.
You hit the hound but do no damage.
The hound is lightly wounded.
You barely miss the black bear.
Your spectral weapon hits the hound.
Your spectral weapon hits the quokka.
The hound barely misses you. The quokka bites your spectral weapon.
Your spectral weapon shares its damage with you!
* * * LOW HITPOINT WARNING * * *
The hound bites you.
* * * LOW HITPOINT WARNING * * *
The black bear bites you.
* * * LOW HITPOINT WARNING * * *
The black bear claws you but does no damage.
The black bear claws you.
* * * LOW HITPOINT WARNING * * *
An orc comes into view. It is wielding a flail.
You hit the hound.
The hound is almost dead.
You barely miss the black bear.
Your spectral weapon hits the hound.
You kill the hound!
Your spectral weapon closely misses the orc.
Your spectral weapon hits the quokka.
You kill the quokka!
The orc hits your spectral weapon but does no damage.
The black bear bites you but does no damage.
The black bear claws you.
* * * LOW HITPOINT WARNING * * *
The black bear closely misses you.
The orc hits your spectral weapon with a short sword.
You closely miss the black bear.
The black bear is lightly wounded.
Your spectral weapon barely misses the black bear.
The black bear completely misses you. The black bear closely misses you.
The black bear claws you.
* * * LOW HITPOINT WARNING * * *
It was a potion of mutation.
You feel extremely strange.
Your feet thicken and deform.
Your fingernails lengthen.
The black bear closely misses you. x2; The black bear misses you.
You hit the black bear.
The black bear is moderately wounded.
You hit the orc but do no damage.
You hit the orc warrior but do no damage.
Your spectral weapon hits the black bear but does no damage.
The orc hits you with a short sword.
* * * LOW HITPOINT WARNING * * *
The orc warrior hits you with a mace!!
You die...

. .. . ... #..
.... ... .....
..#
....oZ###..####
.....oo@h.....#
..####o$(.....#
#........#
##########


You could see an orc warrior, a black bear, 3 orcs, an adder skeleton and a
friendly spectral hand axe.

Vanquished Creatures
  An ice beast (D:5)
  A bullfrog (D:4)
  A hound (D:6)
  An orc wizard (D:5)
  An iguana (D:4)
  A shadow imp (D:5)
  2 worms
  2 dart slugs (D:1)
  2 orcs (D:5)
  2 giant cockroaches
  4 hobgoblins
  2 jackals (D:1)
  5 kobolds
  3 quokkas
  A ball python (D:1)
  3 bats
  2 frilled lizards
  2 rats (D:1)
36 creatures vanquished.

Vanquished Creatures (others)
  A spectral weapon (D:4)
1 creature vanquished.

Grand Total: 37 creatures vanquished

Notes
Turn   | Place    | Note
-------+----------+-------------------------------------------
     0 | D:1      | tidbits the Gnoll Skald began the quest for the Orb.
     0 | D:1      | Reached XP level 1. HP: 20/20 MP: 6/6
    94 | D:1      | Reached XP level 2. HP: 20/26 MP: 1/7
    98 | D:1      | Learned a level 2 spell: Song of Slaying
   224 | D:2      | Learned a level 2 spell: Shroud of Golubria
   261 | D:2      | Reached XP level 3. HP: 10/31 MP: 9/9
   266 | D:2      | Learned a level 3 spell: Regeneration
   271 | D:2      | Learned a level 3 spell: Spectral Weapon
   310 | D:3      | Reached skill level 5 in Spellcasting
   418 | D:4      | Noticed a bullfrog
   426 | D:4      | Killed a bullfrog
   426 | D:4      | Reached skill level 1 in Short Blades
   426 | D:4      | Reached skill level 1 in Long Blades
   426 | D:4      | Reached skill level 1 in Maces & Flails
   426 | D:4      | Reached skill level 1 in Polearms
   426 | D:4      | Reached skill level 1 in Staves
   426 | D:4      | Reached skill level 1 in Slings
   426 | D:4      | Reached skill level 1 in Bows
   426 | D:4      | Reached skill level 1 in Crossbows
   426 | D:4      | Reached skill level 1 in Throwing
   426 | D:4      | Reached skill level 1 in Stealth
   426 | D:4      | Reached skill level 1 in Shields
   426 | D:4      | Reached skill level 1 in Unarmed Combat
   426 | D:4      | Reached skill level 1 in Conjurations
   426 | D:4      | Reached skill level 1 in Hexes
   426 | D:4      | Reached skill level 1 in Summonings
   426 | D:4      | Reached skill level 1 in Necromancy
   426 | D:4      | Reached skill level 1 in Translocations
   426 | D:4      | Reached skill level 1 in Transmutations
   426 | D:4      | Reached skill level 1 in Fire Magic
   426 | D:4      | Reached skill level 1 in Ice Magic
   426 | D:4      | Reached skill level 1 in Air Magic
   426 | D:4      | Reached skill level 1 in Earth Magic
   426 | D:4      | Reached skill level 1 in Poison Magic
   426 | D:4      | Reached skill level 1 in Invocations
   426 | D:4      | Reached skill level 1 in Evocations
   426 | D:4      | Reached XP level 4. HP: 20/38 MP: 1/11
   443 | D:4      | Reached XP level 5. HP: 8/43 MP: 3/12
   489 | D:3      | Found a bloodstained altar of Trog.
   495 | D:3      | Found an iron altar of Okawaru.
   518 | D:5      | Entered Level 5 of the Dungeon
   542 | D:5      | Found Hueval's Distillery.
   545 | D:5      | Bought a potion of heal wounds for 50 gold pieces
   557 | D:5      | Reached skill level 3 in Armour
   604 | D:5      | Noticed an ice beast
   624 | D:5      | Killed an ice beast
   624 | D:5      | Reached skill level 2 in Invocations
   624 | D:5      | Reached XP level 6. HP: 14/50 MP: 2/13
   681 | D:6      | Noticed a black bear
   686 | D:6      | Noticed an orc warrior
   690 | D:6      | Gained mutation: You have large cloven feet. [potion of mutation]
   690 | D:6      | Gained mutation: You have sharp fingernails. [potion of mutation]
   691 | D:6      | HP: 3/50 [orc/short sword (5)]
   691 | D:6      | Demolished by an orc warrior

Skill      XL: |  1  2  3  4  5 |
---------------+----------------+-----
Spellcasting   | 5 |  5.3
Short Blades   | 1 |  1.8
Long Blades    | 1 |  1.8
Maces & Flails | 1 |  1.8
Polearms       | 1 |  1.8
Staves         | 1 |  1.8
Slings         | 1 |  1.8
Bows           | 1 |  1.8
Crossbows      | 1 |  1.8
Throwing       | 1 |  1.8
Stealth        | 1 |  1.8
Shields        | 1 |  1.8
Unarmed Combat | 1 |  1.8
Conjurations   | 1 |  1.4
Hexes          | 1 |  1.4
Summonings     | 1 |  1.4
Necromancy     | 1 |  1.4
Translocations | 1 |  1.4
Transmutations | 1 |  1.4
Fire Magic     | 1 |  1.4
Ice Magic      | 1 |  1.4
Air Magic      | 1 |  1.4
Earth Magic    | 1 |  1.4
Poison Magic   | 1 |  1.4
Invocations    | 1 2 |  2.0
Evocations     | 1 |  1.8
Armour         | 3 |  3.2
Fighting       | |  4.9
Axes           | |  4.9
Dodging        | |  4.9
Charms         | |  5.6

Action                   |  1- 3 |  4- 6 || total
-------------------------+-------+-------++-------
Melee: Hand axe          |    59 |    46 ||   105
       Bite              |     4 |     3 ||     7
       Punch             |       |     1 ||     1
 Cast: Infusion          |     3 |       ||     3
       Song of Slaying   |     5 |     3 ||     8
       Shroud of Golubri |     1 |       ||     1
       Spectral Weapon   |     6 |     5 ||    11
       Regeneration      |     1 |     3 ||     4
  Use: Potion            |       |     4 ||     4
       Scroll            |       |     2 ||     2
Armor: Leather armour    |    13 |    19 ||    32
Dodge: Dodged            |    47 |    34 ||    81

Table legend:
 A = Turns spent in this place as a percentage of turns spent in the entire game.
 B = Non-inter-level travel turns spent in this place as a percentage of non-inter-level travel turns spent in the entire game.
 C = Inter-level travel turns spent in this place as a percentage of turns spent in this place.
 D = Turns resting spent in this place as a percentage of non-inter-level travel turns spent in this place.
 E = Turns spent auto-exploring this place as a percentage of non-inter-level travel turns spent in this place.
 F = Non-inter-level travel turns spent in this place divided by the number of levels of this place that you've seen.
                   A       B       C       D       E      F
               +-------+-------+-------+-------+-------+----------------------
         Total | 100.0 | 100.0 |   0.0 |   0.0 |   0.0 | 115.2
       Dungeon | 100.0 | 100.0 |   0.0 |   0.0 |   0.0 | 115.2
               +-------+-------+-------+-------+-------+----------------------

Table legend:
 A = Kills in this place as a percentage of kills in entire the game.
 B = Kills by you in this place as a percentage of kills by you in the entire game.
 C = Kills by friends in this place as a percentage of kills by friends in the entire game.
 D = Other kills in this place as a percentage of other kills in the entire game.
 E = Experience gained in this place as a percentage of experience gained in the entire game.
 F = Experience gained in this place divided by the number of levels of this place that you have seen.
                   A       B       C       D       E      F
               +-------+-------+-------+-------+-------+----------------------
         Total | 100.0 | 100.0 |   N/A |   N/A | 100.0 |  68.5
       Dungeon | 100.0 | 100.0 |   N/A |   N/A | 100.0 |  68.5
               +-------+-------+-------+-------+-------+----------------------

Vault maps used:
D:1:      saegor_arrival_miasma
D:2:      gammafunk_temple_overflow_arena, first_ration, item_on_display_a
D:3:      amethyst_overflow_temple_binary, vehumet_crystals,
          chequers_ecumenical_altar_simple_redux
D:4:      lemuel_doored_altar
D:5:      serial_shops, kennysheep_mini_moat, uniq_grinder
D:6:      minmay_temple_entry_enclosed_plants, hangedman_minor_gate_pass
